 Dungeon Crawl Stone Soup version 0.30-a0-137-gd8773701ce (webtiles) character file.

Game seed: 7243467313170931386

126 ytrimaz the Changer (level 5, -2/33 HPs)
             Began as an Octopode Transmuter on Sept 21, 2022.
             Slain by an ogre
             ... wielding a +0 giant spiked club
              (35 damage)
             ... on level 4 of the Dungeon.
             The game lasted 00:03:23 (4752 turns).

ytrimaz the Changer (Octopode Transmuter)           Turns: 4752, Time: 00:03:23

Health: -2/33      AC:  2    Str: 10    XL:     5   Next: 10%
Magic:  7/10       EV: 19    Int: 17    God:
Gold:   131        SH:  0    Dex: 17    Spells: 1/11 levels left

rFire   + . .      SeeInvis .      - Unarmed
rCold   . . .      Faith    .    (shield currently unavailable)
rNeg    . . .      Spirit   .    (helmet currently unavailable)
rPois   x          Reflect  .    (no amulet)
rElec   .          Harm     .    b - ring of resist corrosion
rCorr   +          Rampage  .    d - ring of willpower
Will    +....                    f - ring of flight
Stlth   ++........               i - ring of protection from fire
HPRegen 0.11/turn                (no ring)
MPRegen 0.12/turn                (no ring)
                                 (no ring)
                                 (no ring)

@: spider-form (expiring), flying
A: venomous fangs, almost no armour, (amphibious), 8 rings, tiny, (camouflage
1), (gelatinous body 1), (nimble swimmer 1), (tentacles)
a: End Transformation


You were on level 4 of the Dungeon.
You were a venomous arachnid creature.
You visited 1 branch of the dungeon, and saw 4 of its levels.

You collected 131 gold pieces.


Innate Abilities, Weirdness & Mutations

You are a venomous arachnid creature.
You have poisonous fangs.
You are tiny and dextrous.
Your spellcasting is less reliable in this form.
Your armour is entirely melded.
You are incapable of wielding weapons or throwing items.
You cannot wear most types of armour.
((You are amphibious.))
You can wear up to eight rings at the same time.
((Your skin changes colour to match your surroundings (Stealth+).))
((Your rubbery body absorbs attacks. (AC +1, EV +1)))
((You are camouflaged when in or above water. (Stealth+)))
((You have tentacles for arms and can constrict up to eight enemies at once.))


   Skills:
 - Level 1.0 Fighting
 - Level 2.0 Dodging
 - Level 3.0 Unarmed Combat
 + Level 3.6 Spellcasting
 + Level 3.8 Transmutations
 * Level 0.1 Ice Magic


You had one spell level left.
You knew the following spells:

 Your Spells              Type           Power      Damage    Failure   Level
a - Beastly Appendage     Tmut           32%        N/A       12%         1
b - Wereblood             Tmut           16%        N/A       16%         2
c - Spider Form           Tmut/Pois      9%         N/A       43%         3
d - Ice Form              Ice/Tmut       9%         N/A       78%         4

Your spell library contained the following spells:

 Spells                   Type           Power      Damage    Failure   Level
 Apportation              Tloc           6%         N/A       36%         1
 Passwall                 Tmut/Erth      7%         N/A       28%         2
 Ensorcelled Hibernation  Hex/Ice        6%         N/A       45%         2
 Ozocubu's Armour         Ice            3%         N/A       65%         3
 Swiftness                Air            3%         N/A       67%         3
 Alistair's Intoxication  Tmut/Pois      6%         N/A       98%         5
 Ozocubu's Refrigeration  Ice            1%         4d7       100%        7

Inventory:

Jewellery
 b - a ring of resist corrosion (left front leg)
   (You found it on level 1 of the Dungeon)
 d - a ring of willpower (right front leg)
   (You found it on level 1 of the Dungeon)
 f - a ring of flight (on tentacle)
   (You found it on level 2 of the Dungeon)
 i - a ring of protection from fire (on tentacle)
   (You found it on level 2 of the Dungeon)
Wands
 m - a wand of flame (17)
   (You found it on level 3 of the Dungeon)
Scrolls
 e - 2 scrolls of teleportation
 j - a scroll of poison
 l - a scroll of butterflies
 o - a scroll of enchant weapon
Potions
 a - a potion of curing {unknown}
 c - a potion of magic
 g - a potion of lignification
 h - a potion of resistance {unknown}
 n - a potion of heal wounds {unknown}

Dungeon Overview and Level Annotations

Branches:
Dungeon (4/15) Zot: 19259
 Temple: D:4-7

Altars:
Makhleb

#^#.#..........
#.#...........#
#########.###.........#
.......##...#.####...##
#....'..#.#..# .###
.###....##.#.#..# .#
.............#..# .#
###....##.###[.> .#
#...s##...#####
#...O####.# #....# .#
#....# .# #....# ##
######


You could see an ogre (extremely poisoned).


Message History

No target in view!
Key pressed, stopping explore.
No target in view!
Unknown command.
Key pressed, stopping explore.
No target in view!
k - 2 scrolls of identify (gained 1) Key pressed, stopping explore.
No target in view!
Unknown command.
o - a scroll of enchant weapon An endoplasm comes into view.
As you read the scroll of identify, it crumbles to dust.
j - a scroll of poison The endoplasm quivers.
As you read the scroll of identify, it crumbles to dust.
c - a potion of magic The endoplasm barely misses you.
Unknown command.
An endoplasm is nearby!
You tentacle-slap the endoplasm. The endoplasm closely misses you.
The endoplasm barely misses you.
Unknown command.
You tentacle-slap the endoplasm but do no damage.
The endoplasm freezes you.
You are frozen. 😕 HP[-4]
You take 4 damage, and now have 29/33 hp.
The endoplasm freezes you.
You are frozen. 😮 HP[-5]
You take 5 damage, and now have 24/33 hp.
You are too injured to fight recklessly!
Unknown command.
You are too injured to fight recklessly!
Unknown command.
You are too injured to fight recklessly!
Unknown command.
You are too injured to fight recklessly!
You tentacle-slap the endoplasm.
You squeeze the endoplasm, but do no damage.
The endoplasm closely misses you.
You tentacle-slap the endoplasm. You squeeze the endoplasm.
You kill the endoplasm!
Unknown command.
Key pressed, stopping explore.
Unknown command. 😕 HP[+2]
You regained 2 hp, and now have 26/33 hp.
Key pressed, stopping explore.
Unknown command. 😕 HP[+6]
You regained 6 hp, and now have 32/33 hp.
Found an escape hatch in the floor. 😎 HP[+1]
Your hp is fully restored (33).
Found a stone staircase leading down.
Unknown command.
You now have 131 gold pieces (gained 9).
A hobgoblin comes into view.
The hobgoblin shouts!
You closely miss the hobgoblin. You grab the hobgoblin.
You constrict the hobgoblin, but do no damage.
The hobgoblin closely misses you.
A hobgoblin is nearby!
You tentacle-slap the hobgoblin but do no damage.
You squeeze the hobgoblin. You constrict the hobgoblin.
The hobgoblin closely misses you.
A hobgoblin is nearby!
You tentacle-slap the hobgoblin.
You kill the hobgoblin!
There is a shaft here.
An ogre comes into view. It is wielding a +0 giant spiked club.
The ogre shouts!
Unknown command.
You tentacle-slap the ogre but do no damage.
The ogre barely misses you.
An ogre is nearby!
You barely miss the ogre.
Unknown command.
Unknown command.
Casting: Wereblood (safe; 5% risk of failure)
Confirm with . or Enter, or press ? or * to list all spells.
The spell is quite dangerous to miscast (22% risk of failure)!
Continue anyway?
You turn into a venomous arachnid creature.
Your transformation is almost over.
The ogre closely misses you. 😎 MP[-3]
You lost 3 mp, and now have 7/10 mp.
Unknown command.
You hit the ogre. The ogre completely misses you.
You hit the ogre.
The ogre is poisoned.
Unknown command.
You bite the ogre!
The ogre looks as sick as possible!
The ogre completely misses you.
Unknown command.
You hit the ogre.
The ogre looks as sick as possible!
The ogre hits you with a +0 giant spiked club!!
Ouch! That really hurt!
You die...

Skill      XL: |  1  2  3 |
---------------+----------+-----
Transmutations | 3 |  3.8
Spellcasting   | 3 |  3.6
Fighting       | |  1.0
Dodging        | |  2.0
Unarmed Combat | |  3.0
Ice Magic      | |  0.1

Action                   |  1- 3 |  4- 6 || total
-------------------------+-------+-------++-------
Melee: Unarmed           |    93 |    81 ||   174
       Constrict         |    18 |    22 ||    40
       Kick              |     9 |       ||     9
       Tentacles         |     9 |    19 ||    28
       Punch             |     5 |     2 ||     7
 Cast: Beastly Appendage |     4 |       ||     4
       Spider Form       |     2 |     2 ||     4
       Wereblood         |     1 |     1 ||     2
  Use: Potion            |     1 |       ||     1
       Scroll            |     5 |     6 ||    11
 Stab: Sleeping          |     4 |     4 ||     8
Armor: Skin              |    21 |     6 ||    27
Dodge: Dodged            |    53 |    60 ||   113

Levels and vault maps discovered:
D:1:      dpeg_arrival_round_b, layout_basic
D:2:      layout_loops_ring, uniq_robin
D:3:      layout_basic, mainiacjoe_overflow_concentric_impassable,
          shapermc_ecumenical_altar_ellora
D:4:      layout_basic

Notes
Turn   | Place    | Note
-------+----------+-------------------------------------------
     0 | D:1      | ytrimaz the Octopode Transmuter began the quest for the
                  | Orb.
     0 | D:1      | Reached XP level 1. HP: 13/13 MP: 3/3
     0 | D:1      | magus.rc [v1.9.6]
     2 | D:1      | You pick up a book of Party Tricks and begin reading...
     2 | D:1      | You add the spells Apportation and Alistair's Intoxication
                  | to your library.
   167 | D:1      | Reached XP level 2. HP: 18/18 MP: 3/5
   480 | D:1      | Reached XP level 3. HP: 11/23 MP: 6/6
   483 | D:1      | Learned a level 2 spell: Wereblood
   487 | D:1      | Learned a level 3 spell: Spider Form
  1306 | D:1      | You pick up a book of Burglary and begin reading...
  1306 | D:1      | You add the spells Passwall, Ensorcelled Hibernation and
                  | Swiftness to your library.
  1575 | D:1      | Reached skill level 3 in Transmutations
  1965 | D:2      | You add the spells Ozocubu's Armour and Ozocubu's
                  | Refrigeration to your library.
  2197 | D:2      | Noticed Robin
  2202 | D:2      | Reached skill level 3 in Spellcasting
  2214 | D:2      | Killed Robin
  2215 | D:2      | Reached XP level 4. HP: 20/28 MP: 3/8
  2464 | D:2      | Identified the +1 ring mail of Beyond {Harm +Inv Int+2
                  | Slay+6}
  2863 | D:3      | Found a burning altar of Makhleb.
  3006 | D:3      | Found a faded altar of an unknown god.
  3702 | D:3      | Reached XP level 5. HP: 29/33 MP: 10/10
  4434 | D:4      | Learned a level 4 spell: Ice Form
  4743 | D:4      | Noticed an ogre
  4752 | D:4      | Slain by an ogre

Vanquished Creatures
  Robin (D:2)
  2 adders
  2 worms
  3 dart slugs
  4 bats
  5 endoplasms
  3 giant cockroaches
  13 goblins
  11 hobgoblins
  6 jackals
  A quokka (D:4)
  8 ball pythons
  4 frilled lizards
  8 kobolds
  8 rats
79 creatures vanquished.

Table legend:
 A = Non-vault XP
 B = Vault XP
 C = Vault XP percentage of total XP
 D = Non-vault monster count
 E = Vault monster count
 F = Vault count percentage of total count
                 A         B        C        D         E       F
            +---------+---------+-------+---------+---------+-------
      Total |     146 |      35 |  19.3 |      68 |      11 |  13.9
            +---------+---------+-------+---------+---------+-------
        D:1 |      52 |       0 |   0.0 |      32 |       0 |   0.0
        D:2 |      32 |      35 |  52.2 |      10 |      11 |  52.4
        D:3 |      48 |       0 |   0.0 |      20 |       0 |   0.0
        D:4 |      14 |       0 |   0.0 |       6 |       0 |   0.0
            +---------+---------+-------+---------+---------+-------

Illustrated notes

Table legend:
 A = Kills in this place as a percentage of kills in entire the game.
 B = Kills by you in this place as a percentage of kills by you in the entire game.
 C = Kills by friends in this place as a percentage of kills by friends in the entire game.
 D = Other kills in this place as a percentage of other kills in the entire game.
 E = Experience gained in this place as a percentage of experience gained in the entire game.
 F = Experience gained in this place divided by the number of levels of this place that you have seen.
                   A       B       C       D       E      F
               +-------+-------+-------+-------+-------+----------------------
         Total | 100.0 | 100.0 |   N/A |   N/A | 100.0 |  45.2
       Dungeon | 100.0 | 100.0 |   N/A |   N/A | 100.0 |  45.2
               +-------+-------+-------+-------+-------+----------------------

Table legend: (Time is in decaauts)
 A = Elapsed time spent in this place.
 B = Non-inter-level travel time spent in this place.
 C = Inter-level travel time spent in this place.
 D = Time resting spent in this place.
 E = Time spent auto-exploring this place.
 F = Levels seen in this place.
 G = Mean time per level.
                   A        B        C        D        E       F      G
               +--------+--------+--------+--------+--------+-----+--------+
         Total |   4740 |   4660 |     80 |      0 |   4114 |   4 | 1185.0 |
       Dungeon |   4740 |   4660 |     80 |      0 |   4114 |   4 | 1185.0 |
               +--------+--------+--------+--------+--------+-----+--------+

Top non-repeatable levels by time:
     D:1: 1656 daAuts
     D:3: 1628 daAuts
     D:2: 994 daAuts
     D:4: 460 daAuts
